 Dungeon Crawl Stone Soup version 0.31.0-11-ge490571c62 (webtiles) character file.

Game seed: 16122042710976376173

163 Flugkiller the Chiller (level 5, -3/24 HPs)
             Began as a Vine Stalker Ice Elementalist on Feb 1, 2024.
             Splashed by a jelly's acid (4 damage)
             ... on level 5 of the Dungeon.
             The game lasted 00:05:04 (837 turns).

Flugkiller the Chiller (VSIE)                        Turns: 837, Time: 00:05:05

Health: -3/24      AC: -2    Str: 10    XL:     5   Next: 44%
Magic:  0/12       EV: 12    Int: 17    God:
Gold:   141        SH:  0    Dex: 15    Spells: 5/12 levels left

rFire   . . .        f - +2 dagger (distort)
rCold   . . .        (no shield)
rNeg    + . .        a - +0 robe
rPois   .            (no helmet)
rElec   .            (no cloak)
rCorr   .            (no gloves)
SInv    .            (no boots)
Will    .....        (no amulet)
Stlth   ++           m - ring of positive energy
HPRegen 1.04/turn    (no ring)
MPRegen 0.13/turn

%: guardian spirit
@: corroded
A: fangs 2, regeneration 1, magic shield, antimagic bite, no potion heal 2
a: no special abilities


You were on level 5 of the Dungeon.
You visited 1 branch of the dungeon, and saw 5 of its levels.

You collected 141 gold pieces.

Inventory:

Hand Weapons
 d - a +0 dagger
   (You took it off a goblin on level 1 of the Dungeon)
 f - a +2 dagger of distortion (weapon)
   (You took it off a goblin on level 2 of the Dungeon)
Armour
 a - a +0 robe (worn)
Jewellery
 m - a ring of positive energy (left hand)
   (You found it on level 4 of the Dungeon)
Wands
 n - a wand of roots (7)
   (You found it on level 4 of the Dungeon)
Scrolls
 e - 3 scrolls of teleportation {unknown}
 g - a scroll of amnesia {unknown}
 h - a scroll of enchant weapon {unknown}
 i - a scroll of torment {unknown}
 j - a scroll of fear {unknown}
 l - a scroll of acquirement {unknown}
 o - a scroll of enchant armour {unknown}
Potions
 c - a potion of degeneration {unknown}
 k - a potion of berserk rage {unknown}


   Skills:
 - Level 1.5 Dodging
 - Level 2.4 Stealth
 + Level 4.2 Spellcasting
 + Level 5.4 Ice Magic


You had 5 spell levels left.
You knew the following spells:

 Your Spells              Type           Power      Damage    Failure   Level
a - Freeze                Ice            88%        1d9       1%          1
b - Frozen Ramparts       Ice            44%        1d7       4%          3
c - Ozocubu's Armour      Ice            22%        N/A       4%          3

Your spell library contained the following spells:

 Spells                   Type           Power      Damage    Failure   Level
 Summon Ice Beast         Ice/Summ       12%        N/A       16%         3


Dungeon Overview and Level Annotations

Branches:
Dungeon (5/15) Zot: 26923
 Temple: D:4-7

Altars:
Ashenzari

Annotations:
D:3 Ijyb


Innate Abilities, Weirdness & Mutations

You have extremely sharp teeth.
Your natural rate of healing is unusually fast.
When hurt, damage is shared between your health and your magic reserves.
Your bite disrupts and absorbs the magic of your enemies.
Potions cannot restore your health.


Message History

The hound barks!
Unknown command.
The hound bites you.
Casting: Freeze (safe; 2% risk of failure)
Confirm with . or Enter, or press ? or * to list all spells.
The walls around you are covered in ice.
The wall freezes the hound.
The hound misses you.
Unknown command.
You hit the hound.
Space warps horribly around the hound!
You kill the hound!
Your Ice Magic skill increases to level 5!
Unknown command.
What are your orders? t - Shout!
Orders for allies: a - Attack new target. r - Retreat! s - Stop attacking. g - Guard the area. f - Follow me.
Anything else - Cancel.
You shout for attention!
You hear a bark!
A hound comes into view.
The wall freezes the hound.
You barely miss the hound.
The hound is lightly wounded.
The wall freezes the hound.
The hound barely misses you.
A jelly comes into view.
You barely miss the hound.
The hound is moderately wounded.
The frozen ramparts melt away.
The hound bites you but does no damage. x2
Unknown command.
You hit the hound.
Space warps around the hound.
The hound is severely wounded.
The hound barely misses you.
You completely miss the hound.
The hound is severely wounded.
The hound misses you. The hound bites you.
You miss the hound.
The hound is severely wounded.
The hound bites you.
Casting: Frozen Ramparts (quite dangerous; 6% risk of failure)
Confirm with . or Enter, or press ? or * to list all spells.
The walls around you are covered in ice.
The wall freezes the hound.
The hound closely misses you.
The wall freezes the hound but does no damage.
The hound bites you but does no damage.
You hit the hound but do no damage.
Space warps around the hound.
You kill the hound!
The wall freezes the jelly.
Your Spellcasting skill increases to level 4!
You have reached level 5!
Casting: Frozen Ramparts (quite dangerous; 5% risk of failure)
Confirm with . or Enter, or press ? or * to list all spells.
Aiming: Freeze (safe; 1% risk of failure)
Press: ? - help, Shift-Dir - straight line, f - jelly
Aim: a jelly (lightly wounded)
You freeze the jelly.
The jelly is moderately wounded.
The wall freezes the jelly.
The jelly closely misses you.
Casting: Freeze (safe; 1% risk of failure)
Confirm with . or Enter, or press ? or * to list all spells.
You don't have enough magic to cast this spell.
Unknown command.
Unknown command.
You hit the jelly.
Space warps horribly around the jelly!
You kill the jelly!
Unknown command.
The frozen ramparts melt away.
Unknown command.
You see here a hound corpse.
Unknown command.
The jelly attacks as it pursues you! The jelly hits you.
You are splashed with acid!
Casting: Freeze (safe; 1% risk of failure)
Confirm with . or Enter, or press ? or * to list all spells.
Aiming: Freeze (safe; 1% risk of failure)
Press: ? - help, Shift-Dir - straight line, f - jelly
Aim: a jelly You freeze the jelly.
The jelly is moderately wounded.
The jelly hits you. The acid corrodes you!
You are splashed with acid!
* * * LOW HITPOINT WARNING * * *
Aiming: Fastroot
Press: ? - help, Shift-Dir - straight line, f - you, p - jelly
Okay, then.
Unknown command.
Magic courses through your body. The jelly hits you.
* * * LOW HITPOINT WARNING * * *
You are splashed with acid!
* * * LOW HITPOINT WARNING * * *
Unknown command.
Casting: Freeze (safe; 1% risk of failure)
Confirm with . or Enter, or press ? or * to list all spells.
Aiming: Freeze (safe; 1% risk of failure)
Press: ? - help, Shift-Dir - straight line, f/p - jelly
Aim: a jelly (moderately wounded)
You freeze the jelly.
The jelly is heavily wounded.
The jelly hits you.
* * * LOW HITPOINT WARNING * * *
You are splashed with acid!
You die...

#.....#.....#..#
#....^#.....#..#
###################..#
.....................#
.....................#
###################..#
.....#.....#.....#..#
......#.....#..J..#†.#
+###..#..#.g#..#@.#..#
#..#l.#.S#..#..#..#
#.....#.....#.....#
#..(. #.....#.....#
##### #############
....# ###...# #


You could see a jelly.

Vanquished Creatures
  2 hounds (D:5)
  A jelly (D:5)
  An adder (D:2)
  A white imp (D:4)
  4 dart slugs
  2 orcs (D:4)
  3 bats
  An endoplasm (D:2)
  2 giant cockroaches
  3 goblins
  2 hobgoblins (D:4)
  6 jackals
  5 kobolds
  5 quokkas
  4 ball pythons
  A frilled lizard (D:3)
  2 rats (D:2)
45 creatures vanquished.

Notes
Turn   | Place    | Note
-------+----------+-------------------------------------------
     0 | D:1      | Flugkiller the Vine Stalker Ice Elementalist began the
                  | quest for the Orb.
     0 | D:1      | Reached XP level 1. HP: 9/9 MP: 4/4
    76 | D:1      | Reached XP level 2. HP: 13/13 MP: 3/6
   164 | D:2      | Reached XP level 3. HP: 16/16 MP: 2/8
   414 | D:3      | Noticed Ijyb
   421 | D:3      | Learned a level 3 spell: Frozen Ramparts
   464 | D:3      | Found a broken altar of Ashenzari.
   666 | D:4      | Reached XP level 4. HP: 21/21 MP: 7/10
   670 | D:4      | Learned a level 3 spell: Ozocubu's Armour
   736 | D:4      | Noticed a scorpion
   761 | D:5      | Entered Level 5 of the Dungeon
   787 | D:5      | Noticed a phantom
   808 | D:5      | Reached skill level 5 in Ice Magic
   821 | D:5      | Reached XP level 5. HP: 22/24 MP: 1/12
   837 | D:5      | HP: 1/24 [jelly (2)]
   837 | D:5      | Splashed by a jelly's acid

Illustrated notes

Levels and vault maps discovered:
D:1:      ncdulo_watergridlock, layout_loops_corners,
          shapermc_ecumenical_altar_petra
D:2:      layout_basic
D:3:      layout_basic, nicolae_ru_the_path_less_chosen,
          nicolae_ashenzari_panopticon, chequers_mini_garden, uniq_natasha,
          uniq_crazy_yiuf_cottage, uniq_ijyb
D:4:      layout_basic
D:5:      kennysheep_windowed_halls, layout_loops_ring, minmay_ruined_shrine

Skill      XL: |  1  2  3  4 |
---------------+-------------+-----
Spellcasting   | 3 4 |  4.2
Ice Magic      | 5 |  5.4
Dodging        | |  1.5
Stealth        | |  2.4

Action                     |  1- 3 |  4- 6 || total
---------------------------+-------+-------++-------
  Melee: Dagger            |    57 |    20 ||    77
         Bite              |    13 |     1 ||    14
         Unarmed           |     2 |       ||     2
         Punch             |       |     1 ||     1
   Cast: Freeze            |    36 |     7 ||    43
         Frozen Ramparts   |       |     4 ||     4
    Use: Potion            |       |     1 ||     1
 Armour: Robe              |    44 |    26 ||    70
  Dodge: Dodged            |    68 |    28 ||    96
